AoeStats
← Kasiopex

Arabia

506457939Analyzed
1v1 RM · 20d ago on Sep 13, 2026· 74m 37s· 2 players
Game mode
Random Map
Map size
Tiny (2 player)
Population
200
Speed
Normal
Resources
Standard
Victory
Conquest
Starting age
Dark Age
Ending age
Imperial Age
RankedLock teamsTeams togetherTeam positionsShared explorationLock speedFull tech treeHidden civsTurbo modeCheats
Victory
Defeat
🇲🇽 Magyars · Mexico
316
+17
🇬🇧 Franks · United Kingdom
334
-17
Kasiopex
2:38 Loom
2:42 Loom
11:56 Feudal Age
13:27 Horse Collar
15:11 Arson
15:46 Town Watch
15:37 Man-at-Arms
19:05 Wheelbarrow
20:00 Double-Bit Axe
21:23 Gold Mining
26:38 Castle Age
25:51 Stone Mining
26:04 Fletching
27:09 Scale Mail Armor
27:11 Padded Archer Armor
27:25 Thumb Ring
28:04 Crossbowman
34:01 Bow Saw
33:56 Heavy Plow
34:07 Pikeman
35:59 Hand Cart
37:59 Town Patrol
37:25 Elite Skirmisher
37:29 Long Swordsman
38:19 Bodkin Arrow
38:58 Fervor
42:06 Corvinian Army
42:32 Scale Barding Armor
42:43 Leather Archer Armor
45:36 Gold Shaft Mining
45:58 Chain Barding Armor
47:49 Ballistics
47:26 Murder Holes
48:45 Bloodlines
48:38 Husbandry
51:13 Imperial Age
48:48 Light Cavalry
53:21 Two-Man Saw
53:51 Chemistry
57:45 Recurve Bow
57:48 Elite Magyar Huszar
57:53 Heavy Cavalry Archer
58:59 Parthian Tactics
58:32 Treadmill Crane
59:42 Conscription
59:01 Cavalier
64:37 Paladin
66:17 Paladin
ldacre25
4:45 Loom
10:59 Feudal Age
11:33 Double-Bit Axe
14:44 Man-at-Arms
20:07 Fletching
23:00 Wheelbarrow
28:14 Castle Age
26:38 Stone Mining
29:02 Forging
29:01 Husbandry
31:17 Light Cavalry
32:47 Bow Saw
34:53 Long Swordsman
36:37 Scale Barding Armor
37:09 Iron Casting
36:30 Gold Mining
38:39 Chain Barding Armor
41:08 Ballistics
43:17 #83
43:07 Murder Holes
43:09 Elite Skirmisher
47:12 Bodkin Arrow
52:01 Imperial Age
54:21 Chemistry
54:19 Elite Throwing Axeman
58:15 Conscription
59:45 Town Watch
60:30 Hand Cart
62:04 Blast Furnace
61:08 Padded Archer Armor
61:48 Plate Barding Armor
60:45 Cavalier
67:31 Chivalry
70:30 Pikeman
71:17 Halberdier
Connection lost

Rejoining the realm…

Still unreachable

The connection could not be restored.

Session expired

The server has moved on; the page needs a fresh start.